 Dungeon Crawl Stone Soup version bcrawl-1.19.1 (webtiles) character file.

Game seed: 2660765310758796416

101372 Morbidden the Prime (level 15, -13/135 HPs)
             Began as a Demigod Archaeologist on Nov 22, 2019.
             Mangled by a white ugly thing (22 damage)
             ... on level 1 of the Vaults.
             The game lasted 00:44:04 (23397 turns).

Morbidden the Prime (Demigod Archaeologist)        Turns: 23397, Time: 00:44:04

Health: -13/135    AC: 29    Str: 32    XL:     15   Next: 83%
Magic:  28/30      EV: 16    Int: 20    God:    Demigod [******]
Gold:   1580       SH: 14    Dex: 15    Spells: 19/19 levels left

rFire    + . .     SeeInvis .   f - +6 shillelagh "Devastator" {shatter}
rCold    . . .     Gourm    +   M - +0 shield
rNeg     . . .     Faith    .   R - +2 chain mail of Eternal Night {+Inv rF+ Str+3 Int+2}
rPois    .         Spirit   .   Y - +2 helmet
rElec    .         Reflect  .   r - +1 cloak
rCorr    .         Harm     .   y - +0 pair of gloves
MR       +....                  d - +1 pair of boots
Stlth    +.........             T - amulet of the gourmand
HPRegen  0.32/turn              Q - +4 ring of strength
MPRegen  0.22/turn              w - +3 ring of protection

@: heroism, marked
A: high mp 1
a: Temporal Distortion, Growth, Major Destruction, Heroism, Divine Shield,
Smiting, Evoke Invisibility


You were on level 1 of the Vaults.
You worshipped Demigod.
Demigod was exalted by your worship.
You were completely stuffed.

You visited 4 branches of the dungeon, and saw 20 of its levels.
You also visited: Sewer.

You collected 2383 gold pieces.
You spent 803 gold pieces at shops.

Inventory:

Hand Weapons
 f - the +6 shillelagh "Devastator" (weapon) {shatter}
Missiles
 P - a throwing net (quivered) {!f}
Armour
 d - a +1 pair of boots (worn)
 r - a +1 cloak (worn)
 y - a +0 pair of gloves (worn)
 M - a +0 shield (worn)
 R - the +2 chain mail of Eternal Night (worn) {+Inv rF+ Str+3 Int+2}
   (You found it on level 6 of the Lair of Beasts)

   It affects your strength (+3).
   It affects your intelligence (+2).
   It protects you from fire.
   It lets you turn invisible.
 Y - a +2 helmet (worn)
Jewellery
 m - an uncursed ring of wizardry
 w - a +3 ring of protection (right hand)
 A - an uncursed ring of protection from cold
 O - an uncursed ring of protection from cold
 Q - a +4 ring of strength (left hand)
 T - an amulet of the gourmand (around neck)
 U - the ring "Ratt" {Ice Int+2}
   (You found it on level 5 of the Lair of Beasts)

   [ring of ice]

   It enhances your ice magic.
   It affects your intelligence (+2).
   It makes you vulnerable to fire.
   It protects you from cold.
 Z - an uncursed ring of protection from magic
Wands
 b - a wand of digging (10)
 v - a wand of clouds (1)
 H - a wand of paralysis (21)
 S - a wand of polymorph (10)
 V - a wand of disintegration (6)
Scrolls
 c - a scroll of silence {unknown}
 e - a scroll of enchant weapon {unknown}
 j - 10 scrolls of remove curse
 k - 9 scrolls of identify
 n - 5 scrolls of magic mapping {unknown}
 o - 5 scrolls of enchant armour {unknown}
 p - 3 scrolls of fear {unknown}
 q - 11 scrolls of teleportation {unknown}
 u - 4 scrolls of immolation {unknown}
 F - a scroll of vulnerability {unknown}
 G - a scroll of noise {unknown}
 J - 5 scrolls of fog {unknown}
 K - 4 scrolls of blinking {unknown}
 L - 8 scrolls of amnesia
Potions
 a - 5 potions of heal wounds
 h - 3 potions of lignification {unknown}
 i - a potion of berserk rage
 l - a potion of might
 s - a potion of ambrosia {unknown}
 t - 6 potions of haste
 x - 3 potions of agility
 z - 4 potions of degeneration {unknown}
 B - 8 potions of brilliance {unknown}
 C - a potion of mutation {unknown}
 D - 14 potions of curing
 E - 4 potions of flight {unknown}
 I - 2 potions of invisibility {unknown}
 N - 3 potions of resistance {unknown}
 X - a potion of magic {unknown}
Comestibles
 g - 39 rations {!d}
 W - 11 chunks of flesh


   Skills:
 * Level 13.0(18.0) Fighting
   Level 3.1(8.1) Short Blades
 - Level 14.0(19.0) Maces & Flails
 + Level 11.0(16.0) Armour
 * Level 7.2(12.2) Dodging
 - Level 3.5(8.5) Stealth
 + Level 7.1(12.1) Shields
 * Level 2.8 Spellcasting
 * Level 14.2 Invocations
 + Level 2.0 Evocations


You had 19 spell levels left.
You didn't know any spells.
Your spell library contained the following spells:

 Spells                   Type           Power        Failure   Level  Hunger
 Infusion                 Chrm           #.......     52%         1    None
 Magic Dart               Conj           #...         52%         1    None
 Shock                    Conj/Air       #....        52%         1    None
 Blink                    Tloc           N/A          67%         2    ##.....
 Call Imp                 Summ           #.....       67%         2    ##.....
 Song of Slaying          Chrm           #.......     67%         2    ##.....
 Swiftness                Chrm/Air       #.......     67%         2    ##.....
 Conjure Flame            Conj/Fire      #.......     88%         3    ###....
 Mephitic Cloud           Conj/Pois/Air  #.......     88%         3    ###....
 Ozocubu's Armour         Chrm/Ice       #.......     88%         3    ###....
 Regeneration             Chrm/Necr      #.........   88%         3    ###....
 Spectral Weapon          Hex/Chrm       #.......     88%         3    ###....
 Spider Form              Tmut/Pois      #..          88%         3    ###....
 Static Discharge         Air            #.......     88%         3    ###....
 Airstrike                Air            #.........   99%         4    ####...
 Lightning Bolt           Conj/Air       #.........   100%        5    ######.


Dungeon Overview and Level Annotations

Branches:
Dungeon (12/12)            Temple (0/1) D:6            Lair (6/6) D:7
 Shoals (0/3) Lair:4       Spider (0/3) Lair:4        Slime (0/5) Lair:5
    Orc (1/1) D:10            Elf (0/3) Orc          Vaults (1/3) D:12
 Depths (0/5) D:12
  Crypt: Vaults:1-2

Shops:
D:6 *=   D:7 [   D:9 (   D:10 !   Orc ?***   Vaults:1 }

Annotations:
Lair:5 1 runed translucent door, yrara's ghost, journeyman DsFi


Innate Abilities, Weirdness & Mutations

You have an increased reservoir of magic. (+10% MP)


Message History

You kill the slime creature!
Your kill strengthens your divinity.
The deep elf annihilator mumbles some strange words.
The deep elf annihilator blinks!
Unknown command.
Okay, then.
You feel much better. The slime creature misses you.
The deep elf annihilator casts a spell at you.
The crystal spear hits you!
* * * LOW HITPOINT WARNING * * *
The white ugly thing headbutts you but does no damage.
You feel much better.
The deep elf archer blinks!
The slime creature hits you!
* * * LOW HITPOINT WARNING * * *
The deep elf annihilator hits you with a +0 long sword.
* * * LOW HITPOINT WARNING * * *
The white ugly thing headbutts you.
* * * LOW HITPOINT WARNING * * *
The white ugly thing freezes you!!
You die...
Your divinity fades.

##########'#
#..........#
#....§e....#
#...)).....# #p.
#.).)∩.....# #..
## ###§e@u).....#
#.p
#.##)).)J.......#
#..
#..##..........#
#..
##..#############
#.= #[##.#
#####)##'####
#.....)p))#
#.....))).#
#.........#?..


You could see a deep elf annihilator, a white ugly thing, a slime creature and a
deep elf archer.

Vanquished Creatures
  Rupert (Lair:4)
  Kirke (Lair:3)
  A fire giant (D:11)
  2 vault wardens (Vaults:1)
  2 entropy weavers (Lair:6)
  2 ironheart preservers (Vaults:1)
  An ettin (D:11)
  A fire dragon (D:11)
  Erolcha (D:9)
  A rakshasa (D:12)
  10 vault guards
  12 hydras
  A centaur warrior (Vaults:1)
  A catoblepas (D:11)
  A death knight (D:10)
  A queen ant (Lair:6)
  2 ogre magi (Vaults:1)
  3 two-headed ogres (Vaults:1)
  6 orc high priests (Orc)
  Sonja (Lair:3)
  3 unseen horrors
  A glowing orange brain (D:12)
  5 cyclopes
  12 orc knights
  Pikel (D:5)
  2 deep elf magi (Vaults:1)
  An ironbrand convoker (Vaults:1)
  An orc sorcerer (Orc)
  2 manticores
  4 ugly things
  A salamander (shapeshifter) (D:12)
  16 elephants
  Maurice (D:11)
  2 black mambas
  3 vault sentinels (Vaults:1)
  11 cane toads
  3 centaur zombies
  A centaur skeleton (D:12)
  6 komodo dragons
  2 kobold demonologists
  2 rime drakes
  2 efreet
  3 yaktaurs (Vaults:1)
  A merfolk (D:9)
  5 trolls
  4 hornets (Lair:6)
  6 polar bears
  8 hippogriffs
  6 slime creatures
  21 blink frogs
  6 dream sheep (Lair:6)
  12 spriggans (Lair:6)
  Sigmund (D:6)
  2 shadows (D:11)
  A wraith (D:6)
  5 yaks (D:9)
  A yak (shapeshifter) (D:11)
  A steam dragon (D:8)
  A basilisk (D:10)
  2 hungry ghosts
  2 hogs (Lair:3)
  A harpy simulacrum (D:10)
  A warg (Orc)
  Menkaure (D:7)
  5 soldier ants (Lair:6)
  8 crocodiles
  13 water moccasins
  4 porcupines
  32 orc warriors
  3 sky beasts
  6 black bears
  A water moccasin (shapeshifter) (D:12)
  3 slaves (D:5)
  A black bear (shapeshifter) (D:12)
  A phantom (D:8)
  2 hornet zombies
  An ice dragon simulacrum (Vaults:1)
  3 necrophages
  4 boggarts (Lair:6)
  2 eyes of draining
  14 ogres
  8 centaurs
  40 wolves
  5 big kobolds
  8 bullfrogs
  2 scorpions
  3 wights (D:8)
  12 killer bees
  2 electric eels
  9 howler monkeys
  5 crimson imps
  A bullfrog zombie (D:5)
  A quasit (D:10)
  24 orc priests
  Crazy Yiuf (D:2)
  A jelly (D:4)
  2 gnoll shamans
  10 hounds
  11 orc wizards
  A bullfrog skeleton (D:8)
  3 iguanas
  15 worker ants
  A hound skeleton (D:9)
  15 adders
  14 gnolls
  A howler monkey skeleton (D:5)
  3 river rats (Sewer)
  2 shadow imps
  An ooze (Sewer)
  An adder zombie (D:5)
  3 worms
  6 dart slugs
  3 leopard geckos
  82 orcs
  4 ball pythons (Sewer)
  5 giant cockroaches
  6 goblins
  6 hobgoblins
  6 jackals
  42 kobolds
  6 quokkas
  8 bats
  6 frilled lizards
  A jackal skeleton (D:4)
  31 rats
744 creatures vanquished.

Vanquished Creatures (others)
  7 fungi
  4 plants (Lair:6)
11 creatures vanquished.

Grand Total: 755 creatures vanquished

Notes
Turn   | Place    | Note
-------+----------+-------------------------------------------
     0 | D:1      | Morbidden the Demigod Archaeologist began the quest for the
                  | Orb.
     0 | D:1      | Reached XP level 1. HP: 15/15 MP: 3/3
   384 | D:1      | Reached skill level 1 in Fighting
   418 | D:1      | Reached XP level 2. HP: 22/23 MP: 4/4
   419 | D:1      | Reached skill level 1 in Maces & Flails
   763 | D:1      | Reached * piety under Demigod
   919 | D:2      | Reached XP level 3. HP: 28/28 MP: 5/5
  1190 | D:2      | Reached skill level 1 in Invocations
  1278 | D:2      | Found a runed door.
  1322 | D:2      | Noticed Crazy Yiuf
  1338 | D:2      | Killed Crazy Yiuf
  1338 | D:2      | Reached XP level 4. HP: 12/35 MP: 7/7
  2098 | D:3      | Reached XP level 5. HP: 41/41 MP: 7/9
  2227 | D:3      | Reached ** piety under Demigod
  2425 | D:3      | Reached skill level 1 in Armour
  2557 | D:3      | Found a shadowy altar of Dithmenos.
  2628 | D:3      | Found a blossoming altar of Fedhas.
  2919 | D:4      | Reached XP level 6. HP: 44/50 MP: 10/10
  2981 | D:4      | Noticed a sky beast
  3014 | D:4      | Killed a sky beast
  3234 | D:4      | Found a glowing drain.
  3249 | Sewer    | Entered a sewer
  3458 | Sewer    | Reached *** piety under Demigod
  3599 | Sewer    | Reached skill level 5 in Maces & Flails
  3692 | Sewer    | Got a twisted short sword
  3697 | Sewer    | Identified the +4 short sword of the Desert {freeze, Dex+3}
                  | (You found it in a sewer)
  3787 | Sewer    | Reached XP level 7. HP: 51/57 MP: 12/12
  4108 | D:4      | Reached skill level 1 in Short Blades
  4930 | D:5      | Entered Level 5 of the Dungeon
  5041 | D:5      | Found a hazy altar of Hepliaklqana.
  5104 | D:5      | Reached XP level 8. HP: 65/66 MP: 14/14
  5230 | D:5      | Reached **** piety under Demigod
  5240 | D:5      | Found a corrupted altar of Lugonu.
  5510 | D:5      | Noticed Pikel
  5534 | D:5      | Killed Pikel
  5534 | D:5      | Reached skill level 5 in Invocations
  6107 | D:6      | Reached skill level 5 in Fighting
  6236 | D:6      | Reached XP level 9. HP: 69/74 MP: 16/16
  6305 | D:6      | Noticed Sigmund
  6314 | D:6      | Killed Sigmund
  6353 | D:6      | Found Rakkomny's Jewellery Boutique.
  6364 | D:6      | Found a staircase to the Ecumenical Temple.
  6387 | D:6      | Found Puyxefuy's Practical Paraphernalia.
  6999 | D:7      | Noticed Menkaure
  7001 | D:7      | Killed Menkaure
  7154 | D:7      | Reached ***** piety under Demigod
  7344 | D:7      | Found a bloodstained altar of Trog.
  7350 | D:7      | Reached skill level 5 in Armour
  7379 | D:7      | Found a staircase to the Lair.
  7787 | D:7      | Reached XP level 10. HP: 84/84 MP: 19/19
  7868 | D:7      | Found Usob Hef's Armour Boutique.
  7874 | D:7      | Bought a +2 buckler of protection for 344 gold pieces
  8714 | D:8      | Found a shattered altar of Ashenzari.
  8721 | D:8      | Found a snail-covered altar of Cheibriados.
  8952 | D:9      | Noticed Erolcha
  9002 | D:9      | Killed Erolcha
  9009 | D:9      | Killed an unseen horror
  9140 | D:9      | Found Nufe Uqe's Antique Weapon Boutique.
  9229 | D:9      | Reached skill level 10 in Maces & Flails
  9373 | D:9      | Noticed a red ugly thing
  9375 | D:9      | Reached XP level 11. HP: 92/92 MP: 21/21
  9381 | D:9      | Killed a red ugly thing
 10083 | Lair:1   | Entered Level 1 of the Lair of Beasts
 10083 | Lair:1   | Noticed a seven-headed hydra
 10087 | Lair:1   | Killed a seven-headed hydra
 10157 | Lair:1   | Reached skill level 1 in Shields
 11193 | Lair:2   | Noticed an eight-headed hydra
 11199 | Lair:2   | Killed an eight-headed hydra
 11237 | Lair:2   | Reached XP level 12. HP: 103/103 MP: 23/23
 11731 | Lair:3   | Noticed a four-headed hydra
 11738 | Lair:3   | Killed a four-headed hydra
 11738 | Lair:3   | Reached skill level 10 in Invocations
 11819 | Lair:3   | Noticed Sonja
 11824 | Lair:3   | Killed Sonja
 12507 | Lair:3   | Noticed Kirke
 12515 | Lair:3   | Killed Kirke
 12545 | Lair:4   | Noticed Rupert
 12549 | Lair:4   | Found a hole to the Spider Nest.
 12552 | Lair:4   | Paralysed by Rupert for 4 turns
 12563 | Lair:4   | Killed Rupert
 12580 | Lair:4   | Found a staircase to the Shoals.
 12589 | Lair:4   | Reached ****** piety under Demigod
 12709 | Lair:4   | Reached XP level 13. HP: 88/112 MP: 25/25
 13622 | Lair:5   | Found a staircase to the Slime Pits.
 13622 | Lair:5   | Found a viscous altar of Jiyva.
 13841 | Lair:5   | Found a runed translucent door.
 13841 | Lair:5   | Found a shimmering altar of Xom.
 13841 | Lair:5   | Noticed yrara's ghost (journeyman DsFi)
 13939 | Lair:5   | Got a wavering marble ring
 14305 | Lair:6   | Entered Level 6 of the Lair of Beasts
 14309 | Lair:6   | Reached skill level 10 in Fighting
 14436 | Lair:6   | Reached skill level 1 in Evocations
 14812 | Lair:6   | Noticed an entropy weaver
 14823 | Lair:6   | Killed an entropy weaver
 15099 | Lair:6   | Identified the ring "Ratt" {Ice Int+2} (You found it on
                  | level 5 of the Lair of Beasts)
 15301 | Lair:6   | Reached XP level 14. HP: 35/122 MP: 27/27
 15695 | Lair:6   | Noticed an entropy weaver
 15711 | Lair:6   | Killed an entropy weaver
 15718 | Lair:6   | Reached skill level 5 in Dodging
 15997 | Lair:6   | Got a silken robe
 16249 | Lair:6   | Identified the cursed +1 robe of the Amoeba {rN+ Regen+
                  | Int+2} (You found it on level 6 of the Lair of Beasts)
 16330 | Lair:6   | Reached skill level 5 in Shields
 16494 | Lair:6   | Identified the +2 chain mail of Eternal Night {+Inv rF+
                  | Str+3 Int+2} (You found it on level 6 of the Lair of
                  | Beasts)
 16848 | D:10     | Entered Level 10 of the Dungeon
 17415 | D:10     | Found a staircase to the Orcish Mines.
 17473 | D:10     | Found Waogib's Distillery.
 17477 | D:10     | Bought a potion of heal wounds for 85 gold pieces
 17477 | D:10     | Bought 2 potions of heal wounds for 170 gold pieces
 17477 | D:10     | Bought a potion of curing for 51 gold pieces
 17477 | D:10     | Bought a potion of curing for 51 gold pieces
 17477 | D:10     | Bought a potion of curing for 51 gold pieces
 17477 | D:10     | Bought a potion of curing for 51 gold pieces
 18099 | D:11     | Noticed Maurice
 18108 | D:11     | Killed Maurice
 18410 | D:11     | Found a large runed door.
 18446 | D:11     | Reached skill level 10 in Armour
 18459 | D:11     | Found a large runed door.
 18772 | D:11     | Noticed a fire giant
 18777 | D:11     | Killed a fire giant
 19106 | D:11     | Found a glowing silver altar of Zin.
 19113 | D:11     | Found an ancient bone altar of Kikubaaqudgha.
 19242 | D:12     | Entered Level 12 of the Dungeon
 19708 | D:12     | Reached XP level 15. HP: 108/132 MP: 29/29
 19790 | D:12     | Found a staircase to the Depths.
 20370 | D:12     | Found a stormy altar of Qazlal.
 20501 | D:12     | Found a gate to the Vaults.
 20688 | Orc      | Entered the Orcish Mines
 21303 | Orc      | Reached skill level 1 in Spellcasting
 22893 | Orc      | Found a staircase to the Elven Halls.
 23099 | Orc      | Found Etwog's Assorted Antiques.
 23102 | Orc      | Found Ixipant Summ's Assorted Antiques.
 23103 | Orc      | Found Quriromu's General Store.
 23104 | Orc      | Found Lethrykke's Magic Scroll Shop.
 23235 | Vaults:1 | Entered Level 1 of the Vaults
 23284 | Vaults:1 | Found Yruiris's Gadget Shop.
 23285 | Vaults:1 | Noticed a vault warden
 23321 | Vaults:1 | Killed a vault warden
 23326 | Vaults:1 | Noticed a vault warden
 23353 | Vaults:1 | Killed a vault warden
 23397 | Vaults:1 | Mangled by a white ugly thing

Skill      XL: |  1  2  3  4  5  6  7  8  9 10 11 12 13 14 15 |
---------------+----------------------------------------------+-----
Fighting       | 1 2 3 4 5 6 7 8 9 10 12 13 | 13.0
Maces & Flails | 1 2 3 4 5 6 7 8 10 11 13 14 | 14.0
Dodging        | 3 4 6 7 |  7.2
Invocations    | 1 2 3 4 6 7 8 9 10 11 13 14 | 14.2
Armour         | 1 2 3 5 6 7 8 9 10 11 | 11.0
Short Blades   | 2 3 |  3.1
Shields        | 2 3 4 6 7 |  7.1
Evocations     | 1 2 |  2.0
Spellcasting   | 2 |  2.8
Stealth        | |  3.5

Action                   |  1- 3 |  4- 6 |  7- 9 | 10-12 | 13-15 || total
-------------------------+-------+-------+-------+-------+-------++-------
Melee: Whip              |   116 |       |       |       |       ||   116
       Spear             |    60 |   125 |       |       |       ||   185
       Flail             |       |   188 |       |       |       ||   188
       Short sword       |       |    20 |   174 |       |       ||   194
       Shillelagh        |       |       |   114 |   341 |   951 ||  1406
Invok: Smiting           |       |       |       |       |    10 ||    10
       Major Destruction |       |       |       |       |     6 ||     6
       Heroism           |       |       |       |       |     4 ||     4
 Abil: Evoke Invisibilit |       |       |       |       |     1 ||     1
Evoke: Wand              |       |     1 |       |     4 |    10 ||    15
  Use: Scroll            |     1 |     2 |     3 |     1 |     8 ||    15
       Potion            |       |       |     1 |     1 |     7 ||     9
 Stab: Sleeping          |     3 |       |       |       |       ||     3
  Eat: Chunk             |     2 |     8 |    13 |    41 |    38 ||   102
Armor: Robe              |    21 |       |       |       |       ||    21
       Chain mail        |    20 |       |       |       |   197 ||   217
       Plate armour      |    75 |   367 |   193 |   178 |   209 ||  1022
Dodge: Dodged            |    87 |   192 |   121 |   132 |   303 ||   835
Block: Buckler           |       |       |       |    85 |   152 ||   237
       Shield            |       |       |       |       |   132 ||   132
